 Dungeon Crawl Stone Soup version 0.24-a0-497-g5a03d68f59 (webtiles) character file.

Game seed: 16697550342828533432

14955 Gildeon the Cleaver (level 11, -16/97 HPs)
             Began as a Minotaur Fighter on July 12, 2019.
             Was a High Priest of Okawaru.
             Demolished by a minotaur
             ... wielding the +8 mithril axe "Arga" {speed, MR+}
              (29 damage)
             ... in a Gauntlet on July 13, 2019.
             The game lasted 00:33:25 (9947 turns).

Gildeon the Cleaver (Minotaur Fighter)              Turns: 9947, Time: 00:33:26

Health: -16/97     AC: 23    Str: 22    XL:     11   Next: 95%
Magic:  13/13      EV: 14    Int:  5    God:    Okawaru [*****.]
Gold:   739        SH:  2    Dex: 20    Spells: 14/15 levels left

rFire    . . .     SeeInvis .   K - +0 hand axe "Dezu" {vamp, Dex+3}
rCold    . . .     Gourm    .   (no shield)
rNeg     . . .     Faith    .   M - +1 crystal plate armour
rPois    .         Spirit   .   J - +1 hat
rElec    .         Reflect  +   S - +0 cloak {+Inv}
rCorr    .         Harm     .   (no gloves)
MR       ++...     NoTele   +   (no boots)
Stlth    ..........             F - +2 amulet of reflection
HPRegen  0.26/turn              y - ring of protection from magic
MPRegen  0.13/turn              v - ring of protection from magic

@: agile, hasted, very quick
A: retaliatory headbutt, horns 2
a: Heroism, Finesse, Renounce Religion, Evoke Invisibility


You were in a Gauntlet.
You worshipped Okawaru.
Okawaru was extremely pleased with you.
You were not hungry.

You visited 3 branches of the dungeon, and saw 12 of its levels.
You also visited: Gauntlet.

You collected 739 gold pieces.

Inventory:

Hand Weapons
 K - the +0 hand axe "Dezu" (weapon) {vamp, Dex+3}
   (You found it on level 8 of the Dungeon)

   It inflicts no extra harm, but heals its wielder when it wounds a living foe.
   It affects your dexterity (+3).
 L - a +2 war axe of flaming
 P - a +2 broad axe of chopping
Armour
 J - a +1 hat (worn)
 M - a +1 crystal plate armour (worn)
 S - a +0 cloak of invisibility (worn)
Jewellery
 k - an uncursed ring of resist corrosion {unknown}
 m - an uncursed ring of fire
 q - an uncursed ring of protection from cold
 t - an uncursed ring of flight
 v - a ring of protection from magic (right hand)
 y - a ring of protection from magic (left hand)
 F - a +2 amulet of reflection (around neck)
 G - an uncursed ring of protection from fire {unknown}
Wands
 a - a wand of acid (7)
 b - a wand of random effects (21)
 d - a wand of iceblast (12)
 h - a wand of flame (49)
 r - a wand of paralysis (9)
 E - a wand of scattershot (4)
 N - a wand of polymorph (6)
Scrolls
 e - 2 scrolls of magic mapping
 i - 5 scrolls of teleportation
 j - a scroll of fear {unknown}
 l - 2 scrolls of immolation {unknown}
 n - 2 scrolls of enchant armour
 o - 3 scrolls of amnesia
 p - a scroll of fog {unknown}
 s - a scroll of torment {unknown}
 u - 4 scrolls of remove curse
 w - a scroll of noise {unknown}
 x - a scroll of acquirement {unknown}
 I - a scroll of brand weapon {unknown}
 O - a scroll of blinking {unknown}
 Q - a scroll of silence {unknown}
Potions
 c - a potion of mutation
 z - 2 potions of curing
 A - 2 potions of cancellation
 C - a potion of brilliance
 D - 2 potions of flight
 H - a potion of berserk rage {unknown}
 T - a potion of invisibility
Comestibles
 f - 26 rations


   Skills:
 + Level 9.6 Fighting
 * Level 14.4 Axes
 + Level 9.5 Armour
 + Level 9.0 Dodging
   Level 3.6 Shields
 - Level 2.6 Spellcasting
 - Level 2.5 Translocations
 - Level 2.6 Invocations
 - Level 2.5 Evocations


You had 14 spell levels left.
You knew the following spells:

 Your Spells              Type           Power        Failure   Level  Hunger
a - Apportation           Tloc           #.....       100%        1    ##.....

Your spell library contained the following spells:

 Spells                   Type           Power        Failure   Level  Hunger
 Animate Skeleton         Necr           N/A          100%        1    ##.....
 Confusing Touch          Hex            #.....       100%        1    ##.....
 Freeze                   Ice            #...         100%        1    ##.....
 Magic Dart               Conj           #...         100%        1    ##.....
 Summon Small Mammal      Summ           #...         100%        1    ##.....
 Blink                    Tloc           N/A          100%        2    ###....
 Call Imp                 Summ           #.......     100%        2    ###....
 Poisonous Vapours        Pois/Air       #.....       100%        2    ###....
 Slow                     Hex            #.......     100%        2    ###....
 Throw Frost              Conj/Ice       #.....       100%        2    ###....
 Confuse                  Hex            #.......     100%        3    ####...
 Conjure Flame            Conj/Fire      #.......     100%        3    ####...
 Gell's Gravitas          Tloc           #.........   100%        3    ####...
 Mephitic Cloud           Conj/Pois/Air  #.......     100%        3    ####...
 Ozocubu's Armour         Chrm/Ice       #.......     100%        3    ####...
 Petrify                  Tmut/Erth      #.......     100%        4    #####..
 Summon Ice Beast         Ice/Summ       #.......     100%        4    #####..
 Throw Icicle             Conj/Ice       #.......     100%        4    #####..
 Metabolic Englaciation   Hex/Ice        #.........   100%        5    ######.
 Yara's Violent Unravell  Hex/Tmut       #.........   100%        5    ######.
 Freezing Cloud           Conj/Ice/Air   #.........   100%        6    #######
 Ring of Flames           Chrm/Fire      #.........   100%        7    #######


Dungeon Overview and Level Annotations

Branches:
Dungeon (10/15)            Temple (1/1) D:5            Lair (1/6) D:10
    Orc: D:9-12

Altars:
Ashenzari
Cheibriados
Dithmenos
Elyvilon
Fedhas
Gozag
Hepliaklqana
Kikubaaqudgha
Makhleb
Nemelex Xobeh
Okawaru
Qazlal
Ru
Sif Muna
Trog
Uskayaw
Vehumet
Wu Jian
Xom
Yredelemnul
Zin
The Shining One
Beogh
Jiyva

Shops:
D:4 (   D:5 [

Annotations:
Gauntlet 6 transporters, 1 runed translucent door


Innate Abilities, Weirdness & Mutations

You reflexively headbutt those who attack you in melee.
You have a pair of horns on your head.


Message History

* * * LOW HITPOINT WARNING * * *
You feel better.
The minotaur hits you with the +8 mithril axe "Arga" {speed, MR+}.
* * * LOW HITPOINT WARNING * * *
The minotaur gores you but does no damage.
The minotaur blocks your attack.
The minotaur is heavily wounded.
You hit the minotaur but do no damage.
The minotaur is heavily wounded.
The minotaur barely misses you.
The minotaur gores you but does no damage.
You hit the minotaur but do no damage. The minotaur blocks your attack.
The minotaur is heavily wounded.
Your crystal plate armour prevents you from hitting the minotaur.
You headbutt the minotaur!
The minotaur is severely wounded.
The minotaur blocks your attack. x2
The minotaur is severely wounded.
The minotaur hits you with the +8 mithril axe "Arga" {speed, MR+}!!
You die...

#≈..#$ ### .###..#=
... .. #§..#© ##.###..
##§.#. ....... #§.§#?
..#.#..###§.#.
#########.#.#....#..#.
#8)8=8.8#...#...©#..##
#∩..H@..'(###....#....
#8:8:8.8#...#....#.∩..
#########.#.#...©#..##
.....#.#....#..##
#8.........###..##
##.##.###..##§..##
#.........###..#§
########..##≈..##
######..##


You could see a minotaur.

Vanquished Creatures
  2 two-headed ogres
  2 thrashing horrors (Gauntlet)
  An unseen horror (D:10)
  Pikel (D:7)
  2 deep elf magi (D:9)
  Joseph (D:6)
  A spiny frog (shapeshifter) (Gauntlet)
  A troll (D:10)
  A polar bear (shapeshifter) (Gauntlet)
  Grinder (D:3)
  3 hippogriffs
  2 shadows (Gauntlet)
  16 yaks
  2 wyverns (D:9)
  A hungry ghost (D:10)
  Grum (D:10)
  A water moccasin (Lair:1)
  4 ice beasts
  A porcupine (Lair:1)
  A sky beast (D:10)
  2 small abominations (Gauntlet)
  A hornet zombie (D:9)
  7 orc warriors
  3 black bears
  A swamp drake (D:9)
  4 ogres
  4 wolves (D:10)
  2 centaurs (D:9)
  5 bullfrogs
  2 big kobolds
  A wyvern zombie (D:6)
  4 scorpions
  8 killer bees (D:8)
  A water moccasin skeleton (D:5)
  5 wights (D:8)
  3 crimson imps
  2 bullfrog zombies (D:8)
  A gnoll shaman (D:5)
  4 hounds
  4 jellies
  4 iguanas
  4 orc priests
  A bullfrog skeleton (D:10)
  10 orc wizards
  Ijyb (D:3)
  Terence (D:3)
  7 worker ants
  3 hound zombies
  A hound skeleton (D:6)
  8 gnolls
  11 adders
  3 shadow imps
  A white imp (D:9)
  5 oozes (D:9)
  3 adder zombies
  3 worms
  2 dart slugs
  8 leopard geckos
  81 orcs
  4 bats
  8 giant cockroaches
  4 goblins
  6 hobgoblins
  4 jackals
  A quokka (D:7)
  4 ball pythons
  5 frilled lizards
  15 kobolds
  12 rats
329 creatures vanquished.

Vanquished Creatures (others)
  An ice beast (D:7)
  An iron imp (D:9)
  2 orcs (D:9)
  17 withered plants (Gauntlet)
21 creatures vanquished.

Grand Total: 350 creatures vanquished

Notes
Turn   | Place    | Note
-------+----------+-------------------------------------------
     0 | D:1      | Gildeon the Minotaur Fighter began the quest for the Orb.
     0 | D:1      | Reached XP level 1. HP: 19/19 MP: 0/0
   100 | D:1      | Reached skill level 3 in Axes
   100 | D:1      | Reached XP level 2. HP: 27/27 MP: 1/1
   206 | D:1      | Reached skill level 1 in Dodging
   287 | D:1      | Reached XP level 3. HP: 33/33 MP: 2/2
  1443 | D:2      | Reached XP level 4. HP: 39/40 MP: 3/3
  1614 | D:3      | Reached skill level 4 in Axes
  1622 | D:3      | Noticed Grinder
  1623 | D:3      | Paralysed by Grinder for 3 turns
  1633 | D:3      | Killed Grinder
  1633 | D:3      | Reached skill level 5 in Axes
  1633 | D:3      | Reached XP level 5. HP: 32/47 MP: 4/4
  1633 | D:3      | Reached XP level 6. HP: 38/55 MP: 5/5
  1671 | D:3      | Found an opulent altar of Gozag.
  1751 | D:3      | Reached skill level 5 in Armour
  1798 | D:3      | Noticed Terence
  1799 | D:3      | Noticed Ijyb
  1805 | D:3      | Killed Terence
  1805 | D:3      | Reached skill level 5 in Fighting
  1813 | D:3      | Killed Ijyb
  2059 | D:4      | Reached skill level 6 in Axes
  2106 | D:4      | Reached skill level 1 in Evocations
  2106 | D:4      | Reached XP level 7. HP: 40/61 MP: 6/6
  2572 | D:4      | Reached skill level 7 in Axes
  2595 | D:4      | Found Ischodiu's Antique Weapon Shop.
  2808 | D:5      | Entered Level 5 of the Dungeon
  2929 | D:5      | Found an iron altar of Okawaru.
  2998 | D:5      | Found Quak Pimm's Antique Armour Shop.
  3050 | D:5      | Became a worshipper of Warmaster Okawaru
  3183 | D:5      | Found a hide-covered altar of Uskayaw.
  3201 | D:5      | Learned a level 1 spell: Apportation
  3595 | D:5      | Found a staircase to the Ecumenical Temple.
  3603 | Temple   | Entered the Ecumenical Temple
  4290 | D:6      | Reached XP level 8. HP: 52/68 MP: 8/8
  4362 | D:6      | Reached skill level 8 in Axes
  4364 | D:6      | Reached skill level 1 in Invocations
  4553 | D:6      | Reached skill level 5 in Dodging
  4553 | D:6      | Reached skill level 1 in Translocations
  4856 | D:6      | Reached skill level 1 in Spellcasting
  4910 | D:7      | Noticed Joseph
  4932 | D:6      | Killed Joseph
  4932 | D:6      | Reached * piety under Okawaru
  4932 | D:6      | Reached skill level 9 in Axes
  5176 | D:7      | Noticed a hippogriff
  5185 | D:7      | Killed a hippogriff
  5185 | D:7      | Reached XP level 9. HP: 63/74 MP: 10/10
  5204 | D:7      | Found a glowing silver altar of Zin.
  5371 | D:7      | Reached ** piety under Okawaru
  5371 | D:7      | Reached skill level 10 in Axes
  5646 | D:7      | Noticed Pikel
  5662 | D:7      | Killed Pikel
  6147 | D:8      | Reached *** piety under Okawaru
  6216 | D:8      | Reached skill level 11 in Axes
  6263 | D:8      | Got a crystal hand axe
  6265 | D:8      | Identified the cursed +0 hand axe "Dezu" {vamp, Dex+3} (You
                  | found it on level 8 of the Dungeon)
  6351 | D:8      | Found a roughly hewn altar of Beogh.
  6397 | D:8      | Reached XP level 10. HP: 19/84 MP: 12/12
  6818 | D:9      | Reached **** piety under Okawaru
  6829 | D:9      | Noticed a two-headed ogre
  6856 | D:9      | Killed a two-headed ogre
  6857 | D:9      | Reached skill level 12 in Axes
  6939 | D:9      | Upgraded the game from 0.24-a0-493-g7e4ddcd485 to
                  | 0.24-a0-497-g5a03d68f59
  6996 | D:9      | Noticed a deep elf mage
  7028 | D:9      | Killed a deep elf mage
  7028 | D:9      | Reached ***** piety under Okawaru
  7112 | D:9      | Received a gift from Okawaru
  7150 | D:9      | Noticed a deep elf mage
  7162 | D:9      | Killed a deep elf mage
  7305 | D:9      | Reached XP level 11. HP: 94/94 MP: 13/13
  7630 | D:9      | Reached skill level 13 in Axes
  7648 | D:9      | Found a viscous altar of Jiyva.
  7766 | D:10     | Entered Level 10 of the Dungeon
  7813 | D:10     | Noticed Grum
  7839 | D:10     | Killed Grum
  7858 | D:10     | Found a staircase to the Lair.
  7994 | D:10     | Killed an unseen horror
  8423 | D:10     | Noticed a two-headed ogre
  8429 | D:10     | Killed a two-headed ogre
  8429 | D:10     | Received a gift from Okawaru
  9263 | Lair:1   | Entered Level 1 of the Lair of Beasts
  9289 | Lair:1   | Reached skill level 14 in Axes
  9359 | Lair:1   | Found a gate leading to a gauntlet.
  9364 | Gauntlet | Entered a Gauntlet
  9364 | Gauntlet | Found a transporter.
  9364 | Gauntlet | Found a transporter.
  9364 | Gauntlet | Found a transporter.
  9364 | Gauntlet | Noticed a fire crab
  9365 | Gauntlet | Found a transporter.
  9366 | Gauntlet | Found a transporter.
  9370 | Gauntlet | Found a transporter.
  9376 | Gauntlet | Found a transporter.
  9377 | Gauntlet | Found a transporter.
  9377 | Gauntlet | Noticed a soul eater
  9379 | Gauntlet | Found a transporter.
  9380 | Gauntlet | Found a transporter.
  9384 | Gauntlet | Found a runed translucent door.
  9384 | Gauntlet | Noticed a thrashing horror
  9384 | Gauntlet | Noticed a thrashing horror
  9386 | Gauntlet | Found a runed translucent door.
  9388 | Gauntlet | Found a transporter.
  9389 | Gauntlet | Found a transporter.
  9461 | Gauntlet | Noticed a fire crab
  9469 | Gauntlet | a fire crab changed into a queen bee
  9668 | Gauntlet | Killed a thrashing horror
  9682 | Gauntlet | Killed a thrashing horror
  9903 | Gauntlet | Noticed a minotaur
  9947 | Gauntlet | Demolished by a minotaur

Levels and vault maps discovered:
D:1:      kilobyte_arrival_exit_the_forest, layout_basic, st_stairs_4,
          minmay_cut_off
D:2:      layout_basic, first_ration
D:3:      layout_rooms, nicolae_gozag_cash_rules_everything_around_me,
          uniq_grinder, uniq_terence, uniq_ijyb
D:4:      layout_basic, serial_shops, nicolae_shop_statue_plus,
          minmay_a_box_with_orc_wizards_in_it
D:5:      layout_layer_cave, eat_drink_and_be_merry_uskayaw, temple_fountains,
          serial_shops, nicolae_shop_crystal, kennysheep_cross_room,
          okawaru_trees_2
D:6:      layout_rooms
D:7:      layout_rooms, basic_altar, uniq_joseph, uniq_pikel
D:8:      layout_rooms, special_room [special_room_orc]
D:9:      layout_roguey [special_room_orc], hangedman_little_slice_of_home,
          hangedman_minor_magic
D:10:     lemuel_flame_loot_2, layout_irregular_city, lair_entry_dummy,
          uniq_grum
Temple:   regret_index_temple_sigil_plot
Lair:1:   layout_chaotic_city, gauntlet_entry_generic, serial_bayou_shore_a,
          grunt_megastairs_1, uniq_prince_ribbit2
Gauntlet: minmay_gauntlet_mixed_big_or_small
          [nicolae_gauntlet_arena_flowing_pool,
          minmay_gauntlet_arena_77_radiant_squares,
          gammafunk_gauntlet_arena_crates, minmay_gauntlet_arena_77_mess,
          gammafunk_gauntlet_arena_hedges, minmay_gauntlet_arena_77_cramped,
          nicolae_gauntlet_exit_dead_adventurers]

Skill      XL: |  1  2  3  4  5  6  7  8  9 10 11 |
---------------+----------------------------------+-----
Axes           | 3 5 6 7 9 11 12 14 | 14.4
Dodging        | 1 2 3 4 5 6 7 9 |  9.0
Armour         | 4 5 6 8 9 |  9.5
Fighting       | 4 5 6 8 9 |  9.6
Evocations     | 1 2 |  2.5
Invocations    | 2 |  2.6
Translocations | 2 |  2.5
Spellcasting   | 1 2 |  2.6
Shields        | |  3.6

Action                   |  1- 3 |  4- 6 |  7- 9 | 10-12 || total
-------------------------+-------+-------+-------+-------++-------
Melee: War axe           |    72 |    86 |   320 |       ||   478
       Headbutt          |    13 |    18 |    73 |   191 ||   295
       Hand axe          |       |       |    42 |   713 ||   755
Evoke: Wand              |       |       |       |    13 ||    13
  Use: Scroll            |       |       |    10 |    10 ||    20
       Potion            |       |       |     4 |    12 ||    16
 Stab: Invisible         |       |       |       |     8 ||     8
       Confused          |       |       |       |     2 ||     2
       Paralysed         |       |       |       |     2 ||     2
  Eat: Chunk             |     2 |     2 |    10 |    10 ||    24
       Ration            |       |       |     1 |     3 ||     4
Armor: Scale mail        |    26 |    26 |       |       ||    52
       Chain mail        |       |    20 |    71 |       ||    91
       Plate armour      |       |       |   157 |   188 ||   345
       Crystal plate arm |       |       |       |   155 ||   155
Dodge: Dodged            |    51 |    49 |   182 |   247 ||   529
Block: Other             |       |       |    12 |    30 ||    42
       Reflection        |       |       |       |     3 ||     3

Table legend:
 A = Non-vault XP
 B = Vault XP
 C = Vault XP percentage of total XP
 D = Non-vault monster count
 E = Vault monster count
 F = Vault count percentage of total count
                 A         B        C        D         E       F
            +---------+---------+-------+---------+---------+-------
      Total |   13565 |    7800 |  36.5 |     231 |     101 |  30.4
            +---------+---------+-------+---------+---------+-------
        D:1 |      29 |      20 |  40.8 |      21 |       5 |  19.2
        D:2 |      52 |       0 |   0.0 |      19 |       0 |   0.0
        D:3 |      99 |     344 |  77.7 |      18 |       3 |  14.3
        D:4 |     449 |     114 |  20.2 |      21 |       3 |  12.5
        D:5 |     283 |       0 |   0.0 |      20 |       0 |   0.0
        D:6 |     620 |     434 |  41.2 |      23 |       1 |   4.2
        D:7 |    1164 |     663 |  36.3 |      17 |       1 |   5.6
        D:8 |    1448 |     518 |  26.3 |      24 |      26 |  52.0
        D:9 |    3756 |    1917 |  33.8 |      30 |      49 |  62.0
       D:10 |    5287 |     637 |  10.8 |      35 |       5 |  12.5
     Lair:1 |     378 |       0 |   0.0 |       3 |       0 |   0.0
   Gauntlet |       0 |    3153 | 100.0 |       0 |       8 | 100.0
            +---------+---------+-------+---------+---------+-------
